Map: Simulacrum LE

Players

DoctorRyan - Winner!

  • Race: Protoss Protoss
  • League: Grandmaster
  • Spawn Location: 5:00

A.I. 2 (Elite)

  • Race: Terran Terran
  • Spawn Location: 11:00

VOD

Have the link to the VOD?

Description

Time

  • Played on: Dec. 5, 2019, 8:17 p.m.
  • Length: 8:59
Show
View Real Time Build Order
Export as new Build Order

DoctorRyan Protoss - Winner!

Build Orders: 1 Gate Expand, Double Forge, Phoenix Opening, Blink Stalkers 

Get SALT Encoding   

  12  0:00  Probe  
  13  0:13  Probe  
  14  0:18  Pylon  
  14  0:25  Probe  
  15  0:37  Gateway, Probe (Chrono Boost)  
  16  0:48  Probe (Chrono Boost), Assimilator  
  17  0:53  Probe (Chrono Boost)  
  18  1:03  Probe  
  19  1:15  Probe  
  20  1:23  Nexus  
  20  1:33  Cybernetics Core  
  20  1:37  Probe  
  21  1:41  Assimilator  
  21  1:49  Probe  
  21  1:51  Pylon  
  22  2:01  Probe  
  22  2:08  Stalker (Chrono Boost)  
  23  2:11  Warp Gate  
  23  2:13  Probe  
  26  2:25  Sentry (Chrono Boost)  
  26  2:26  Probe (Chrono Boost)  
  27  2:37  Probe (Chrono Boost)  
  30  2:43  Probe (Chrono Boost)  
  31  2:46  Twilight Council, Probe (Chrono Boost)  
  31  2:48  Stalker  
  31  2:50  Probe (Chrono Boost)  
  33  2:56  Probe  
  36  2:59  Phoenix  
  36  3:02  Probe  
  37  3:06  Gateway  
  37  3:07  Gateway  
  37  3:08  Probe  
  38  3:14  Blink (Chrono Boost), Probe  
  39  3:21  Probe  
  39  3:26  Probe  
  41  3:33  Pylon, Probe  
  42  3:38  Probe  
  43  3:45  Probe  
  44  3:50  Probe  
  44  3:51  Nexus  
  44  3:54  Pylon  
  45  3:57  Probe  
  45  4:02  Probe  
  47  4:03  Assimilator  
  47  4:05  Robotics Facility  
  47  4:09  Probe  
  48  4:14  Probe  
  48  4:15  Stalker x2  
  53  4:19  Stalker  
  55  4:24  Probe  
  55  4:26  Probe  
  55  4:29  Pylon  
  57  4:36  Probe  
  58  4:38  Probe  
  58  4:39  Phoenix  
  58  4:41  Forge  
  58  4:42  Forge  
  59  4:48  Probe  
  59  4:50  Probe, Stalker  
  59  4:52  Stalker  
  65  5:00  Probe  
  65  5:01  Pylon  
  65  5:03  Pylon, Probe  
  65  5:05  Charge (Chrono Boost)  
  67  5:08  Protoss Ground Armor Level 1 (Chrono Boost), Probe  
  67  5:11  Observer  
  67  5:13  Probe  
  70  5:15  Probe  
  70  5:20  Probe  
  72  5:25  Probe  
  72  5:27  Probe  
  74  5:29  Protoss Ground Weapons Level 1 (Chrono Boost)  
  74  5:32  Probe  
  75  5:37  Probe  
  75  5:39  Probe  
  75  5:40  Pylon  
  77  5:45  Gateway  
  77  5:46  Gateway  
  77  5:51  Gateway  
  77  5:56  Gateway  
  77  5:58  Gateway  
  77  6:00  Warp Prism (Chrono Boost), Gateway  
  77  6:01  Gateway  
  79  6:05  Gateway  
  79  6:09  Zealot x3  
  85  6:18  Pylon  
  85  6:20  Pylon  
  85  6:33  Zealot x3  
  85  6:39  Nexus  
  91  6:43  Observer  
  92  6:52  Zealot x4  
  92  6:53  Zealot x3  
  106  6:56  Zealot x3  
  112  7:03  Pylon x2, Probe x3  
  105  7:15  Zealot x3  
  105  7:16  Zealot x6  
  105  7:17  Zealot  
  105  7:20  Zealot  
  99  7:38  Zealot x3  
  99  7:39  Zealot x6  
Show
View Real Time Build Order
Export as new Build Order

A.I. 2 (Elite) Terran 

Build Orders: 2 Factory, Mech 

Get SALT Encoding   

  12  0:00  SCV  
  13  0:13  SCV  
  14  0:18  Supply Depot  
  14  0:25  SCV  
  15  0:40  SCV  
  15  0:42  Barracks  
  16  0:52  SCV  
  17  1:04  SCV  
  18  1:16  SCV  
  19  1:20  Command Center  
  19  1:30  Marine  
  20  1:35  Orbital Command  
  20  1:42  Refinery  
  20  1:48  Marine  
  20  1:52  Supply Depot  
  21  2:00  SCV  
  22  2:05  Marine  
  22  2:06  Refinery  
  23  2:13  SCV  
  24  2:23  Marine  
  24  2:25  SCV  
  26  2:32  Orbital Command  
  26  2:37  SCV  
  26  2:41  Marine  
  28  2:46  Factory  
  28  2:50  SCV  
  29  2:59  Marine  
  29  3:01  SCV  
  29  3:02  Factory, SCV  
  32  3:13  SCV  
  32  3:15  SCV  
  32  3:17  Marine  
  32  3:19  Supply Depot  
  35  3:25  SCV  
  37  3:27  SCV  
  37  3:29  Factory Tech Lab  
  37  3:37  SCV  
  37  3:39  SCV  
  39  3:46  Factory Tech Lab  
  39  3:49  Siege Tank  
  39  3:50  SCV, Supply Depot  
  39  3:51  SCV  
  44  4:02  SCV  
  45  4:03  SCV  
  45  4:05  Siege Tank  
  45  4:07  Supply Depot  
  45  4:08  Marine  
  50  4:14  SCV  
  50  4:15  SCV  
  52  4:19  Supply Depot  
  52  4:22  Siege Tank  
  55  4:26  SCV  
  55  4:27  SCV  
  57  4:32  Supply Depot  
  57  4:35  Marine  
  57  4:38  SCV  
  59  4:39  SCV  
  59  4:42  Siege Tank  
  63  4:50  SCV  
  63  4:51  SCV, Supply Depot  
  65  4:53  Marine  
  65  4:58  Barracks  
  66  5:02  SCV, Hellion, Refinery  
  66  5:03  SCV  
  66  5:05  Refinery  
  70  5:13  Factory, Barracks Tech Lab  
  70  5:14  SCV, Hellion  
  70  5:19  Command Center  
  73  5:23  Hellion  
  73  5:24  SCV  
  73  5:26  SCV  
  75  5:31  Marauder  
  75  5:36  Hellion  
  75  5:37  SCV  
  75  5:38  SCV  
  75  5:42  Supply Depot  
  79  5:46  Armory  
  79  5:49  SCV  
  80  5:51  SCV  
  80  5:53  Marauder  
  83  5:59  Engineering Bay  
  83  6:01  SCV  
  83  6:03  SCV  
  85  6:08  Supply Depot  
  85  6:11  Engineering Bay  
  85  6:13  SCV  
  85  6:14  Marauder  
  88  6:25  Terran Infantry Armor Level 1  
  88  6:27  Hellion  
  88  6:29  Armory  
  88  6:30  Hellion  
  88  6:31  SCV  
  88  6:32  SCV x2  
  95  6:33  Refinery  
  95  6:36  Terran Vehicle Weapons Level 1, Marauder, Terran Infantry Weapons Level 1  
  97  6:43  SCV  
  98  6:48  Siege Tank  
  98  6:49  SCV x2  
  98  6:50  Refinery  
  98  6:53  Siege Tank  
  106  6:56  SCV  
  106  6:57  Marauder  
  106  6:58  Supply Depot  
  106  7:01  SCV  
  110  7:02  SCV  
  110  7:05  Infernal Pre-Igniter  
  110  7:08  SCV  
  112  7:12  Marine  
  112  7:13  SCV  
  112  7:14  SCV  
  112  7:15  Hellion  
  108  7:18  Marauder  
  108  7:20  SCV  
  87  7:25  SCV, Hellion  
  87  7:26  Hellion  
  75  7:30  Marine, Hellion  
  75  7:32  SCV  
  64  7:40  Marauder  
  41  7:48  Marine  
Tags
 
Add a new tag
Caveats
  • Supply blocks, unpowered buildings, or Contaminate may cause inaccurate times.
  • Supply counts are checked every 10 seconds.